[Event "I Maxistral Compostela 2018"]
[Site "Santiago Compostela"]
[Date "2018.09.05"]
[Round "1"]
[White "Reinaldo Castineira, Roi"]
[Black "Suarez Pousa, Diego"]
[Result "1-0"]
[ECO "E20"]
[WhiteElo "2493"]
[BlackElo "2412"]
[Annotator "RC"]
[PlyCount "111"]
[EventDate "2018.09.05"]
[EventType "tourn"]
[EventCountry "ESP"]
[SourceTitle "playchess.com"]
[Source "ChessBase"]
[SourceQuality "1"]
[TimeControl "5400+30"]

1. d4 Nf6 2. c4 e6 3. Nc3 Bb4 4. f3 c5 5. d5 d6 6. e4 Bxc3+ 7. bxc3 e5 8. Bd3 Nh5 9. Ne2 O-O 10. g4 Qh4+ 11. Kf1 Nf6 12. Kg2 g6 13. Be3 Ne8 14. Qd2 Qe7 15. Ng3 Ng7 16. Bh6 f6 17. Kf2 Rf7 18. Rag1 Kf8 19. Nf5 gxf5 20. gxf5 Ke8 21. Bxg7 Rxg7 22. Qh6 Rf7 23. Rg8+ Kd7 24. Rhg1 Kc7 25. R1g7 Kb6 26. Rxf7 Qxf7 27. Rxc8 a5 28. Qf8 Qxf8 29. Rxf8 Kc7 30. Rxf6 Nd7 31. Rf7 Kd8 32. f6 Ra6 33. Bf1 Ke8 34. Re7+ Kd8 35. Rxh7 Nxf6 36. Rxb7 Nh5 37. Bh3 Nf4 38. Bg4 Ke8 39. h4 Kf8 40. h5 Kg8 41. h6 Ra8 42. Bf5 Rd8 43. a4 Kh8 44. Ke1 Ng2+ 45. Kd2 Nh4 46. Bg4 Rf8 47. Ra7 Nxf3+ 48. Bxf3 Rxf3 49. Rxa5 Rh3 50. Ra8+ Kh7 51. Rd8 Rxh6 52. a5 Rh2+ 53. Kd3 Rh3+ 54. Kc2 Rh2+ 55. Kb3 Rh1 56. Rxd6 1-0

[Event "I Maxistral Compostela 2018"]
[Site "Santiago Compostela"]
[Date "2018.09.10"]
[Round "6"]
[White "Medarde Santiago, Luis Marcos"]
[Black "Sanchez Aller, Fernando"]
[Result "1-0"]
[ECO "C47"]
[WhiteElo "2341"]
[BlackElo "2344"]
[Annotator "RC"]
[PlyCount "98"]
[EventDate "2018.09.05"]
[EventType "tourn"]
[EventCountry "ESP"]
[SourceTitle "playchess.com"]
[Source "ChessBase"]
[SourceQuality "1"]
[TimeControl "5400+30"]

1. e4 e5 2. Nf3 Nc6 3. Nc3 Nf6 4. d4 exd4 5. Nxd4 Bc5 6. Be3 Bb6 7. Qd2 O-O 8. O-O-O Re8 9. f3 d5 10. exd5 Nxd5 11. Bg5 f6 12. Bc4 Nxd4 13. Bxf6 gxf6 14. Nxd5 Be6 15. Nxb6 axb6 16. Qxd4 Qxd4 17. Bxe6+ Rxe6 18. Rxd4 Rxa2 19. Kb1 Ra5 20. Rd7 Re2 21. Rhd1 Rc5 22. R1d2 Re1+ 23. Ka2 Re8 24. c3 b5 25. Kb3 b6 26. Rd1 h5 27. h4 Rc4 28. g3 Re3 29. R1d5 Rxf3 30. Rxb5 Rg4 31. Rxc7 Rgxg3 32. Rxh5 Rf2 33. Rb5 Rg7 34. Rc8+ Kf7 35. Rxb6 Rg4 36. Rb7+ Ke6 37. h5 Rgg2 38. Ka3 Rh2 39. Rc5 f5 40. h6 Kd6 41. Ra5 Kc6 42. Rb4 f4 43. Ra6+ Kc5 44. Ra5+ Kc6 45. Ra7 f3 46. h7 Rf1 47. Kb3 Rb1 48. Rf4 f2 49. Rxf2 Kd5 1-0